 Dungeon Crawl Stone Soup version 0.31-a0-426-g3a05650e59 (webtiles) character file.

Game seed: 8363101712246965564

3 mandarbmax the Changeling (level 1, -1/28 HPs)
             Began as an Ogre Shapeshifter on July 30, 2023.
             Frozen to death by an endoplasm (4 damage)
             ... on level 1 of the Dungeon.
             The game lasted 00:00:18 (86 turns).

mandarbmax the Changeling (Ogre Shapeshifter)         Turns: 86, Time: 00:00:19

Health: -1/28      AC: 20    Str: 18    XL:     1   Next: 50%
Magic:  1/1        EV:  1    Int:  9    God:
Gold:   0          SH:  0    Dex:  9    Spells: 0/0 levels left

rFire   . .          .
                       - Unarmed
rCold   . . .        (no shield)
rNeg    . . .        a - melded +0 animal skin
rPois   +            (helmet currently unavailable)
rElec   .            (cloak currently unavailable)
rCorr   .            (gloves unavailable)
SInv    .            (boots unavailable)
Will    .....        (no amulet)
Stlth   +            (no ring)
HPRegen 0.24/turn    (no ring)
MPRegen 0.07/turn

%: no passive effects
@: tree-form
A: stationary, stasis, torment immunity, boosted hp, large, unfitting armour,
(tough skin 1)
a: no special abilities


You were on level 1 of the Dungeon.
You were a tree.
You visited 1 branch of the dungeon, and saw 1 of its levels.

Inventory:

Armour
 a - a +0 animal skin (melded)
Talismans
 c - a beast talisman


   Skills:
 + Level 1.4 Fighting
 + Level 1.8 Dodging
 * Level 2.7 Unarmed Combat
 * Level 3.0 Shapeshifting


You couldn't memorise any spells.
You didn't know any spells.
Your spell library was empty.

Dungeon Overview and Level Annotations

Branches:
Dungeon (1/15)

Altars:


Innate Abilities, Weirdness & Mutations

You are a tree.
Your roots penetrate the ground, keeping you stationary.
You cannot be teleported.
You are immune to unholy pain and torment.
Your maximum health is greatly increased.
Your equipment is partially melded.
You are too large for most types of armour.
((You have tough skin. (AC +1)))


Message History

You barely miss the endoplasm. You punch the endoplasm.
The endoplasm is moderately wounded.
The endoplasm closely misses you. The kobold hits you with a +0 whip.
You are too injured to fight recklessly!
You are too injured to fight recklessly!
You are too injured to fight recklessly!
You are too injured to fight recklessly!
You are too injured to fight recklessly!
You are too injured to fight recklessly!
You are too injured to fight recklessly!
You are too injured to fight recklessly!
You are too injured to fight recklessly!
You are too injured to fight recklessly!
Unknown command.
The frilled lizard attacks as you move away!
The frilled lizard bites you. The kobold attacks as you move away!
The kobold hits you with a +0 whip.
* * * LOW HITPOINT WARNING * * *
The kobold attacks as you move away! The kobold hits you with a +0 whip.
* * * LOW HITPOINT WARNING * * *
The kobold attacks as you move away! The kobold hits you but does no damage.
Really quaff the potion of lignification? [Y]es or [N]o only, please.
Really quaff the potion of lignification? [Y]es or [N]o only, please.
Really quaff the potion of lignification? [Y]es or [N]o only, please.
Really quaff the potion of lignification?
Your transformation has ended.
You turn into a tree.
Your +0 animal skin melds into your body.
Your roots penetrate the ground.
The kobold hits you but does no damage.
Unknown command.
You hit the kobold.
You kill the kobold!
You completely miss the endoplasm.
The endoplasm is moderately wounded.
The endoplasm freezes you.
You are frozen.
You die...

####..# ###.....# ....
##.......######### ....
##..........†...... .>...
#..........######## .....
##.........## ......
#..........## #......
............########)......
#...............♣Jl........
##............####...#.....
#..........### #..## ...
##.........# ..## #
##........# ...# ###.....##
#..## ####..# #.. ### #..


You could see an endoplasm and a frilled lizard.

Vanquished Creatures
  A bat (D:1)
  2 kobolds (D:1)
3 creatures vanquished.

Notes
Turn   | Place    | Note
-------+----------+-------------------------------------------
     0 | D:1      | mandarbmax the Ogre Shapeshifter began the quest for the
                  | Orb.
     0 | D:1      | Reached XP level 1. HP: 19/19 MP: 1/1
    86 | D:1      | Frozen to death by an endoplasm

Illustrated notes

Levels and vault maps discovered:
D:1:      dpeg_cavernosity, layout_rooms,
          shapermc_ecumenical_altar_mp_highgroup, serial_rivers,
          chequers_serial_rivers_marsh, chequers_serial_rivers_micro_d,
          chequers_serial_rivers_micro_a, chequers_serial_rivers_large_a,
          chequers_serial_rivers_small_a, chequers_serial_rivers_small_b,
          minmay_gold_behind_fungi

Action                     || total
---------------------------++-------
  Melee: Unarmed           ||     9
         Punch             ||     1
    Use: Potion            ||     1
 Armour: Animal skin       ||     4
         Skin              ||     1
  Dodge: Dodged            ||     5

Table legend: (Time is in decaauts)
 A = Elapsed time spent in this place.
 B = Non-inter-level travel time spent in this place.
 C = Inter-level travel time spent in this place.
 D = Time resting spent in this place.
 E = Time spent auto-exploring this place.
 F = Levels seen in this place.
 G = Mean time per level.
                   A        B        C        D        E       F      G
               +--------+--------+--------+--------+--------+-----+--------+
         Total |     85 |     85 |      0 |      0 |     69 |   1 |   85.0 |
       Dungeon |     85 |     85 |      0 |      0 |     69 |   1 |   85.0 |
               +--------+--------+--------+--------+--------+-----+--------+

Top non-repeatable levels by time:
     D:1: 85 daAuts
